Map: 카탈리스트 - 래더

Players

Harstem

  • Race: Protoss Protoss
  • League: Master
  • Spawn Location: 11:00

Zest - Winner!

  • Race: Protoss Protoss
  • League: Master
  • Spawn Location: 5:00

Event: HomeStory Cup XVII

VOD

Have the link to the VOD?

Description

Time

  • Played on: June 28, 2018, 9:10 a.m.
  • Length: 7:21

All games in this series

Show
View Real Time Build Order
Export as new Build Order

Harstem Protoss 

Build Orders: Phoenix Opening 

Get SALT Encoding   

  12  0:00  Probe  
  13  0:12  Probe  
  14  0:18  Pylon  
  14  0:24  Probe  
  15  0:32  Probe  
  15  0:37  Gateway  
  15  0:40  Probe  
  16  0:49  Assimilator  
  17  0:51  Probe  
  17  0:55  Assimilator  
  18  1:00  Probe  
  19  1:08  Gateway, Probe  
  19  1:17  Probe  
  20  1:25  Cybernetics Core  
  21  1:29  Probe  
  22  1:35  Pylon  
  22  1:41  Probe  
  23  1:53  Probe  
  24  2:02  Warp Gate, Sentry, Stalker  
  24  2:08  Pylon  
  27  2:32  Stargate  
  27  2:44  Nexus  
  27  2:48  Probe  
  28  3:01  Probe  
  29  3:07  Phoenix  
  29  3:13  Probe  
  29  3:18  Pylon  
  33  3:27  Probe  
  33  3:28  Phoenix  
  35  3:46  Phoenix  
  36  3:53  Gateway  
  37  4:00  Probe  
  34  4:05  Phoenix  
  30  4:13  Stalker  
  29  4:26  Stalker  
  30  4:36  Probe  
  31  4:39  Probe  
  32  4:47  Probe  
  32  4:48  Probe  
  34  4:55  Probe  
  34  4:58  Probe  
  34  5:05  Probe  
  34  5:06  Probe  
  35  5:15  Probe  
  35  5:17  Probe  
  37  5:26  Probe  
  37  5:27  Probe  
  38  5:34  Probe  
  39  5:39  Probe  
  41  5:43  Robotics Facility  
  41  5:44  Probe  
  42  5:51  Probe  
  42  5:56  Probe  
  44  6:03  Probe  
  45  6:08  Probe  
  46  6:12  Pylon  
  46  6:15  Probe  
  46  6:18  Sentry, Stalker  
  49  6:20  Probe  
  52  6:26  Probe  
  52  6:32  Probe  
  52  6:35  Probe  
  52  6:37  Immortal  
  56  6:43  Sentry  
  56  6:44  Probe, Shield Battery  
  56  6:45  Probe  
  60  6:57  Probe  
  60  6:58  Probe  
  62  7:04  Stalker  
  58  7:12  Stalker  
Show
View Real Time Build Order
Export as new Build Order

Zest Protoss - Winner!

Build Orders: Oracle Opening 

Get SALT Encoding   

  12  0:01  Probe  
  13  0:13  Probe  
  14  0:17  Pylon  
  14  0:24  Probe  
  15  0:32  Probe  
  15  0:37  Gateway  
  15  0:40  Probe  
  16  0:46  Assimilator  
  17  0:51  Probe  
  17  0:55  Assimilator  
  18  1:00  Probe  
  19  1:08  Gateway, Probe  
  19  1:18  Probe  
  20  1:25  Cybernetics Core  
  21  1:30  Probe  
  22  1:35  Pylon  
  22  1:42  Probe  
  23  1:54  Probe  
  24  2:01  Adept x2  
  24  2:02  Warp Gate  
  28  2:11  Pylon  
  28  2:18  Stargate  
  28  2:28  Adept  
  28  2:29  Adept  
  32  2:37  Pylon  
  32  2:53  Oracle  
  32  2:56  Adept x2  
  39  3:22  Oracle  
  39  3:24  Nexus  
  42  3:40  Pylon  
  42  3:43  Probe  
  43  3:55  Probe  
  44  4:08  Probe  
  40  4:11  Twilight Council  
  34  4:24  Probe  
  34  4:27  Stalker x2  
  34  4:28  Blink  
  39  4:37  Probe  
  40  4:39  Probe  
  39  4:51  Stalker x2  
  41  4:53  Probe x2  
  43  5:06  Probe x2  
  42  5:15  Stalker x2  
  42  5:18  Probe x2  
  42  5:19  Pylon  
  48  5:25  Pylon  
  48  5:33  Stalker  
  48  5:36  Probe x2  
  48  5:38  Stalker  
  51  5:48  Probe x2  
  53  6:00  Probe  
  53  6:01  Adept x2  
  57  6:05  Probe  
  57  6:06  Robotics Facility  
  57  6:10  Pylon  
  58  6:12  Shield Battery  
  58  6:13  Probe  
  58  6:17  Probe  
  60  6:22  Stalker x2  
  64  6:25  Probe  
  65  6:35  Probe  
  65  6:37  Probe  
  63  6:47  Probe, Observer  
  63  6:48  Assimilator  
  63  6:50  Probe  
  63  6:51  Assimilator  
  63  6:52  Forge  
  63  6:53  Gateway  
  66  6:54  Gateway  
  66  6:57  Pylon  
  66  6:59  Probe  
  67  7:02  Probe  
Tags
 
Add a new tag
Caveats
  • Supply blocks, unpowered buildings, or Contaminate may cause inaccurate times.
  • Supply counts are checked every 10 seconds.